 Dungeon Crawl Stone Soup version 0.17.1-3-g152610e (webtiles) character file.

343 hexophile the Cudgeler (level 6, -5/78 HPs)
             Began as a Minotaur Berserker on Apr 17, 2016.
             Was a Priest of Trog.
             Killed from afar by an orc wizard (10 damage)
             ... with a magic dart
             ... on level 4 of the Dungeon on Apr 20, 2016.
             The game lasted 00:06:19 (3035 turns).

hexophile the Cudgeler (Minotaur Berserker)         Turns: 3035, Time: 00:06:19

Health: -5/78      AC:  2    Str: 28    XL:     6   Next: 31%
Magic:  5/5        EV: 12    Int:  4    God:    Trog [***...]
Gold:   167        SH:  0    Dex: 10    Spells: 0 memorised, 5 levels left

rFire  . . .     SeeInvis .     a - +0 mace
rCold  . . .     Clarity  .     b - +0 animal skin
rNeg   . . .     SustAt   .     (no shield)
rPois  .         Gourm    .     (helmet restricted)
rElec  .         Spirit   .     (no cloak)
rCorr  .         Warding  .     (no gloves)
rMut   .         Stasis   .     (no boots)
MR     .....                    (no amulet)
Stlth  ..........               (no ring)
                                (no ring)

@: berserking (expiring), very quick, not resistant to hostile enchantments,
extremely unstealthy
A: retaliatory headbutt, horns 2
a: Berserk, Trog's Hand, Burn Spellbooks, Renounce Religion


You were on level 4 of the Dungeon.
You worshipped Trog.
Trog was most pleased with you.
You were hungry.

You visited 1 branch of the dungeon, and saw 4 of its levels.

You collected 167 gold pieces.


Innate Abilities, Weirdness & Mutations

You reflexively headbutt those who attack you in melee.
You have a pair of horns on your head.

Inventory:

Hand Weapons
 a - a +0 mace (weapon)
Armour
 b - a +0 animal skin (worn)
Wands
 t - a wand of flame (24)
 y - a wand of polymorph (17)
Scrolls
 c - 2 scrolls of identify {unknown}
 h - a scroll of noise {unknown}
 i - 2 scrolls of recharging {unknown}
 k - a scroll of magic mapping {unknown}
 l - 2 scrolls of remove curse {unknown}
 m - a scroll of teleportation {unknown}
 n - a scroll of immolation {unknown}
 p - 2 scrolls of blinking {unknown}
 s - a scroll of random uselessness {unknown}
 B - a scroll of fear {unknown}
Potions
 d - a potion of haste {unknown}
 e - a potion of cancellation {unknown}
 g - 2 potions of curing {unknown}
 j - a potion of degeneration {unknown}
 o - a potion of poison {unknown}
 u - 2 potions of flight {unknown}
 v - a potion of brilliance {unknown}
 w - a potion of mutation {unknown}
 z - a potion of heal wounds {unknown}
Comestibles
 f - 2 meat rations
 q - a slice of pizza
 r - 5 bread rations
 x - a royal jelly
 A - a chunk of flesh


You had 5 spell levels left.
You didn't know any spells.


   Skills:
 * Level 4.2 Fighting
 * Level 7.5 Maces & Flails
 * Level 3.4 Armour
 * Level 3.1 Dodging

Dungeon Overview and Level Annotations

Branches:
Dungeon (4/15)
 Temple: D:4-7

Altars:
Cheibriados
Dithmenos
The Shining One

Vault maps used:
D:1:      co_arrival_hexagon_in_a_hexagon
D:2:      tso_oasis_becter, gammafunk_temple_overflow_pools,
          minmay_close_crescents, uniq_robin
D:3:      ecumenical_altar_1, first_bread, uniq_jessica, uniq_terence
D:4:      serial_co_window_serial, co_window_paths_b, co_window_paths_a,
          co_window_corner_a, co_window_paths_a, co_window_of_opportunity_a,
          co_window_paths_b, co_window_corner_a, co_window_paths_c,
          co_window_cross_2, co_window_broadway_c, co_window_cross_3,
          co_window_4corner_b, glass_columns_b, kennysheep_decorative_pillar,
          hangedman_feature_mirror
You       could see a worker ant and an orc wizard.


Message History

A red film seems to cover your vision as you go berserk!
You feel yourself moving faster!
You feel mighty!
You feel somewhat more hungry.
You are feeling hungry.
The orc priest miscasts a cantrip.
You got additional 26 HP.
Restored 7 HP.
You have now: 21/78 HP.
You are too injured to fight recklessly!
Unknown command.
You are too injured to fight recklessly!
You are too injured to fight recklessly!
You are too injured to fight recklessly!
You are too injured to fight recklessly!
You are too injured to fight recklessly!
You feel a strong urge to attack something.
The orc priest casts a cantrip, but nothing happens.
You are too injured to fight recklessly!
You are too injured to fight recklessly!
You sock the orc priest! Your headbutt misses the orc priest.
The orc priest is severely wounded.
The orc priest hits you with a flail.
* * * LOW HITPOINT WARNING * * *
You lost 5 HP.
You have now: 16/78 HP.
You sock the orc priest!
You kill the orc priest!
Trog accepts your kill.
Your Dodging skill increases to level 3!
The orc hits you with a flail.
* * * LOW HITPOINT WARNING * * *
You lost 3 HP.
You have now: 13/78 HP.
You completely miss the orc. You headbutt the orc!
The orc is severely wounded.
The worker ant closely misses you. You furiously retaliate!
You headbutt the worker ant. You sock the orc!
You kill the orc!
Trog accepts your kill. The worker ant closely misses you.
The orc wizard points at you and mumbles some strange words.
The magic dart hits you!
* * * LOW HITPOINT WARNING * * *
You lost 9 HP.
You have now: 5/78 HP.
Unknown command.
You hit the worker ant.
The worker ant is lightly wounded.
The worker ant barely misses you.
You closely miss the worker ant.
The worker ant is lightly wounded.
The orc wizard casts a spell at you. The magic dart hits you!
You die...

Action                   |  1- 3 |  4- 6 || total
-------------------------+-------+-------++-------
Melee: Mace              |    54 |    97 ||   151
Invok: Berserk           |     1 |     3 ||     4
 Stab: Distracted        |     1 |       ||     1
  Eat: Chunk             |     2 |     6 ||     8
       Pizza             |       |     1 ||     1

Notes
Turn   | Place    | Note
--------------------------------------------------------------
     0 | D:1      | hexophile the Minotaur Berserker began the quest for the Orb.
     0 | D:1      | Reached XP level 1. HP: 19/19 MP: 0/0
    34 | D:1      | Reached skill level 4 in Maces & Flails
   256 | D:1      | Reached XP level 2. HP: 21/26 MP: 1/1
   982 | D:2      | Noticed Robin
   990 | D:2      | Killed Robin
   990 | D:2      | Reached skill level 5 in Maces & Flails
   990 | D:2      | Reached XP level 3. HP: 31/31 MP: 2/2
   997 | D:2      | Reached ** piety under Trog
  1330 | D:2      | Reached XP level 4. HP: 39/39 MP: 3/3
  1341 | D:2      | Reached skill level 6 in Maces & Flails
  1751 | D:2      | Found a shadowy altar of Dithmenos.
  1752 | D:2      | Found a snail-covered altar of Cheibriados.
  1947 | D:2      | Found a glowing golden altar of the Shining One.
  2178 | D:3      | Reached skill level 7 in Maces & Flails
  2178 | D:3      | Reached XP level 5. HP: 43/45 MP: 4/4
  2342 | D:3      | Found a faded altar to an unknown god.
  2342 | D:3      | Noticed Jessica
  2344 | D:3      | Noticed Terence
  2347 | D:3      | Killed Terence
  2347 | D:3      | Reached *** piety under Trog
  2348 | D:3      | Killed Jessica
  2348 | D:3      | Reached skill level 4 in Fighting
  2348 | D:3      | Reached skill level 3 in Armour
  2858 | D:4      | Reached XP level 6. HP: 52/52 MP: 5/5
  3031 | D:4      | Reached skill level 3 in Dodging
  3035 | D:4      | Killed from afar by an orc wizard

Table legend:
 A = Turns spent in this place as a percentage of turns spent in the entire game.
 B = Non-inter-level travel turns spent in this place as a percentage of non-inter-level travel turns spent in the entire game.
 C = Inter-level travel turns spent in this place as a percentage of turns spent in this place.
 D = Turns resting spent in this place as a percentage of non-inter-level travel turns spent in this place.
 E = Turns spent auto-exploring this place as a percentage of non-inter-level travel turns spent in this place.
 F = Non-inter-level travel turns spent in this place divided by the number of levels of this place that you've seen.
                   A       B       C       D       E      F
               +-------+-------+-------+-------+-------+----------------------
         Total | 100.0 | 100.0 |   0.3 |   1.6 |  12.0 | 229.5
       Dungeon | 100.0 | 100.0 |   0.3 |   1.6 |  12.0 | 229.5
               +-------+-------+-------+-------+-------+----------------------

Table legend:
 A = Kills in this place as a percentage of kills in entire the game.
 B = Kills by you in this place as a percentage of kills by you in the entire game.
 C = Kills by friends in this place as a percentage of kills by friends in the entire game.
 D = Other kills in this place as a percentage of other kills in the entire game.
 E = Experience gained in this place as a percentage of experience gained in the entire game.
 F = Experience gained in this place divided by the number of levels of this place that you have seen.
                   A       B       C       D       E      F
               +-------+-------+-------+-------+-------+----------------------
         Total | 100.0 | 100.0 |  -nan |  -nan | 100.0 | 122.8
       Dungeon | 100.0 | 100.0 |  -nan |  -nan | 100.0 | 122.8
               +-------+-------+-------+-------+-------+----------------------

Vanquished Creatures
  An orc priest (D:4)
  A hound (D:3)
  A worker ant (D:4)
  Jessica (D:3)
  An orc wizard (D:3)
  Terence (D:3)
  An iguana (D:4)
  Robin (D:2)
  5 adders
  3 oozes
  3 worms
  2 giant geckos
  4 orcs
  8 bats
  4 giant cockroaches
  12 goblins
  8 hobgoblins (D:2)
  6 kobolds
  A quokka (D:2)
  5 giant newts
  9 jackals
  4 rats
82 creatures vanquished.
